 Dungeon Sprint DCSS version 0.30-a0-50-gb2d611f6b1 (webtiles) character file.

Game seed: 18257629374449502446

17 rocky1 the Poker (level 2, -3/48 HPs)
             Began as an Ogre Gladiator on Sept 5, 2022.
             Was an Initiate of Okawaru.
             Slain by a fire bat (4 damage)
             ... in the Dungeon (Sprint VII: "The Pits").
             The game lasted 00:00:53 (261 turns).

rocky1 the Poker (Ogre Gladiator)                    Turns: 261, Time: 00:00:55

Health: -3/48      AC:  3    Str: 17    XL:     2   Next: 62%
Magic:  2/2        EV: 10    Int:  9    God:    Okawaru [......]
Gold:   0          SH:  0    Dex: 10    Spells: 1/1 levels left

rFire   . . .      SeeInvis .    n - +2 trident
rCold   . . .      Faith    .    (no shield)
rNeg    . . .      Spirit   .    b - +0 robe
rPois   .          Reflect  .    c - +0 hat
rElec   .          Harm     .    (no cloak)
rCorr   .          Rampage  .    (gloves unavailable)
Will    .....      NoTele   +    (boots unavailable)
Stlth   ..........               (no amulet)
HPRegen 0.16/turn                (no ring)
MPRegen 0.08/turn                (no ring)

@: berserking, very quick
A: large, unfitting armour, tough skin 1
a: Renounce Religion


You were in the Dungeon.
You worshipped Okawaru.
Okawaru was noncommittal.
You visited 1 branch

Inventory:

Hand Weapons
 a - a +0 trident
 n - a +2 trident (weapon)
Missiles
 d - 3 throwing nets (quivered)
 e - a large rock
Armour
 b - a +0 robe (worn)
 c - a +0 hat (worn)
Scrolls
 k - a scroll of blinking
 m - 5 scrolls of amnesia
Potions
 f - a potion of curing
 g - a potion of heal wounds
 h - a potion of haste
 i - 4 potions of magic
 j - 2 potions of berserk rage
 l - 2 potions of invisibility


   Skills:
 + Level 3.8 Fighting
 + Level 4.2 Polearms
 + Level 2.7 Throwing
 + Level 3.7 Dodging


You had one spell level left.
You didn't know any spells.
Your spell library was empty.

Dungeon Overview and Level Annotations

Branches:
Dungeon (1/1)

Altars:
Ashenzari
Cheibriados
Dithmenos
Elyvilon
Fedhas
Gozag
Hepliaklqana
Kikubaaqudgha
Makhleb
Nemelex Xobeh
Okawaru
Qazlal
Ru
Sif Muna
Trog
Uskayaw
Vehumet
Wu Jian
Xom
Yredelemnul
Zin
The Shining One
Jiyva
Lugonu


Innate Abilities, Weirdness & Mutations

You are too large for most types of armour.
You have tough skin. (AC +1)


Message History

You destroy the adder skeleton!
Okawaru accepts your kill.
You start resting.
HP restored.
You start waiting.
Done waiting.
You open the door.
A hobgoblin and a quokka come into view.
The hobgoblin shouts!
There is an open door here.
A fire bat and an ufetubus come into view.
The ufetubus shouts!
The fire bat barely misses you.
A red film seems to cover your vision as you go berserk!
You feel yourself moving faster!
You feel mighty!
The fire bat bites you but does no damage.
You barely miss the ufetubus. The ufetubus hits you.
The ufetubus hits you but does no damage.
The fire bat bites you.
You are engulfed in flames!
You puncture the fire bat!
The fire bat is heavily wounded.
The fire bat bites you but does no damage.
The ufetubus hits you. The ufetubus closely misses you.
The quokka bites you but does no damage.
The fire bat bites you.
You are engulfed in flames.
You closely miss the fire bat.
The fire bat is heavily wounded.
The ufetubus hits you.
The ufetubus hits you but does no damage.
The fire bat bites you.
You are engulfed in flames.
The quokka bites you.
* * * LOW HITPOINT WARNING * * *
You are too injured to fight recklessly!
You puncture the fire bat!
The fire bat is severely wounded.
The fire bat bites you.
* * * LOW HITPOINT WARNING * * *
You are engulfed in flames!
* * * LOW HITPOINT WARNING * * *
The fire bat bites you.
You die...

#..........†'.........
#+#####'#####......#..
#..#..# #.........
#..'..# ####'#####
#..#### #.......#
#..#..# #.......#
#..#..# #.......#
##'#b.#+###...<...#
#..@5g...##.......#
#...r....##.......#
###########.......#
#########


You could see a fire bat, an ufetubus, a quokka and a hobgoblin.

Vanquished Creatures
  An adder (D)
  An adder skeleton (D)
  2 endoplasms (D)
  A ball python skeleton (D)
  A giant cockroach zombie (D)
6 creatures vanquished.

Notes
Turn   | Place    | Note
-------+----------+-------------------------------------------
     0 | D        | rocky1 the Ogre Gladiator began the quest for the Orb.
     0 | D        | Reached XP level 1. HP: 22/22 MP: 1/1
    22 | D        | Reached skill level 4 in Polearms
    22 | D        | Reached XP level 2. HP: 31/31 MP: 2/2
    26 | D        | Found a bloodstained altar of Trog.
    26 | D        | Found a shimmering blue altar of Sif Muna.
    26 | D        | Found a viscous altar of Jiyva.
    26 | D        | Found a hazy altar of Hepliaklqana.
    26 | D        | Found an opulent altar of Gozag.
    27 | D        | Found a glowing golden altar of the Shining One.
    27 | D        | Found a glowing silver altar of Zin.
    27 | D        | Found a basalt altar of Yredelemnul.
    27 | D        | Found a shimmering altar of Xom.
    27 | D        | Found an ornate altar of the Wu Jian Council.
    27 | D        | Found a sacrificial altar of Ru.
    27 | D        | Found a stormy altar of Qazlal.
    27 | D        | Found an iron altar of Okawaru.
    27 | D        | Found a sparkling altar of Nemelex Xobeh.
    27 | D        | Found a burning altar of Makhleb.
    27 | D        | Found a blossoming altar of Fedhas.
    27 | D        | Found a white marble altar of Elyvilon.
    27 | D        | Found a shadowy altar of Dithmenos.
    27 | D        | Found a snail-covered altar of Cheibriados.
    29 | D        | Found a radiant altar of Vehumet.
    29 | D        | Found a corrupted altar of Lugonu.
    30 | D        | Found a hide-covered altar of Uskayaw.
    30 | D        | Found an ancient bone altar of Kikubaaqudgha.
    30 | D        | Found a broken altar of Ashenzari.
    35 | D        | Became a worshipper of Warmaster Okawaru
   256 | D        | Noticed a fire bat
   261 | D        | HP: 1/48 [fire bat (9)]
   261 | D        | Slain by a fire bat

Illustrated notes

Levels and vault maps discovered:
D:        pitsprint [storerooms_1, entrance_room_1, metal_vault_4, armoury_2,
          mini_pit_1, grid_room_1, main_hall_1, silver_pit, the_coven_3,
          the_vestibule_1, steel_vault_1, golden_pit, hallway_of_sentries,
          crystal_vault_3, iron_vault_2, final_vault]

Skill      XL: |  1 |
---------------+----+-----
Fighting       | 3 |  3.8
Polearms       | 4 |  4.2
Dodging        | 3 |  3.7
Throwing       | |  2.7

Action                   || total
-------------------------++-------
Melee: Trident           ||    28
  Use: Potion            ||     1
 Stab: Sleeping          ||     1
Armor: Robe              ||    13
Dodge: Dodged            ||    10

Table legend: (Time is in decaauts)
 A = Elapsed time spent in this place.
 B = Non-inter-level travel time spent in this place.
 C = Inter-level travel time spent in this place.
 D = Time resting spent in this place.
 E = Time spent auto-exploring this place.
 F = Levels seen in this place.
 G = Mean time per level.
                   A        B        C        D        E       F      G
               +--------+--------+--------+--------+--------+-----+--------+
         Total |    262 |    262 |      0 |    149 |      0 |   1 |  262.0 |
       Dungeon |    262 |    262 |      0 |    149 |      0 |   1 |  262.0 |
               +--------+--------+--------+--------+--------+-----+--------+

Top non-repeatable levels by time:
       D: 262 daAuts
